 Dungeon Crawl Stone Soup version 0.29-a0-362-g5854e031c7 (webtiles) character file.

Game seed: 15369057051323855267

728 kevlar127 the Ruffian (level 7, -7/72 HPs)
             Began as a Troll Berserker on Apr 29, 2022.
             Was a Priest of Trog.
             Mangled by Prince Ribbit (13 damage)
             ... on level 5 of the Dungeon.
             The game lasted 00:10:14 (4150 turns).

kevlar127 the Ruffian (Troll Berserker)             Turns: 4150, Time: 00:10:14

Health: -7/72      AC:  5    Str: 28    XL:     7   Next: 44%
Magic:  6/6        EV: 10    Int:  3    God:    Trog [***...]
Gold:   45         SH:  0    Dex:  9    Spells: 6/6 levels left

rFire   . . .      SeeInvis .     - Unarmed
rCold   . . .      Faith    .   (no shield)
rNeg    + . .      Spirit   .   a - +0 animal skin
rPois   .          Reflect  .   (helmet restricted)
rElec   .          Harm     .   l - +0 cloak
rCorr   .          Rampage  .   (gloves unavailable)
Will    ++...                   (boots unavailable)
Stlth   +.........              (no amulet)
HPRegen 2.02/turn               o - ring of positive energy
MPRegen 0.10/turn               (no ring)

@: strong-willed, regenerating
A: large, unfitting armour, claws 3, regeneration 1, shaggy fur 1, tough skin 1
a: Renounce Religion, Berserk, Trog's Hand


You were on level 5 of the Dungeon.
You worshipped Trog.
Trog was most pleased with you.
You visited 1 branch of the dungeon, and saw 5 of its levels.

You collected 215 gold pieces.
You spent 170 gold pieces at shops.

Inventory:

Missiles
 e - 109 stones
 g - 10 poisoned darts (quivered)
 B - 2 boomerangs
Armour
 a - a +0 animal skin (worn)
 l - a +0 cloak (worn)
Jewellery
 o - a ring of positive energy (left claw)
 F - a +6 ring of dexterity
Wands
 z - a wand of flame (10)
 A - a wand of charming (2)
Scrolls
 c - 4 scrolls of identify {unknown}
 d - a scroll of silence {unknown}
 m - 2 scrolls of holy word {unknown}
 n - a scroll of enchant armour {unknown}
 p - 2 scrolls of teleportation {unknown}
 r - a scroll of amnesia {unknown}
 s - a scroll of enchant weapon {unknown}
 t - a scroll of magic mapping {unknown}
 w - a scroll of torment {unknown}
 y - 3 scrolls of vulnerability {unknown}
Potions
 b - 2 potions of heal wounds
 f - 3 potions of flight
 h - a potion of ambrosia {unknown}
 i - a potion of attraction {unknown}
 j - 3 potions of curing {unknown}
 k - 2 potions of brilliance {unknown}
 q - 3 potions of degeneration
 u - a potion of resistance {unknown}
 v - 2 potions of cancellation {unknown}
 x - 2 potions of lignification
 C - a potion of might
 D - a potion of invisibility {unknown}
 E - a potion of haste {unknown}


   Skills:
 + Level 5.2 Fighting
 + Level 0.7 Throwing
 - Level 3.0 Dodging
 + Level 6.3 Unarmed Combat


You had 6 spell levels left.
You didn't know any spells.
Your spell library was empty.

Dungeon Overview and Level Annotations

Branches:
Dungeon (5/15)
 Temple: D:4-7

Altars:

Shops:
D:4 !   D:5 [

Annotations:
D:5 3 runed translucent doors, Bediveer's ghost, novice OpCj; Prince Ribbit


Innate Abilities, Weirdness & Mutations

You are too large for most types of armour.
You have claws for hands.
Your natural rate of healing is unusually fast.
You are covered in fur. (AC +1)
You have tough skin. (AC +1)


Message History

Prince Ribbit is nearby!
Prince Ribbit barely misses you.
You closely miss Prince Ribbit. Prince Ribbit hits you! Prince Ribbit hits you.
You claw Prince Ribbit!
Prince Ribbit is moderately wounded.
Prince Ribbit barely misses you.
You miss Prince Ribbit.
Prince Ribbit is moderately wounded.
Prince Ribbit hits you!
You scratch Prince Ribbit.
Prince Ribbit is heavily wounded.
Prince Ribbit hits you. Prince Ribbit hits you!
You closely miss Prince Ribbit.
Prince Ribbit is heavily wounded.
Prince Ribbit blinks!
You barely miss Prince Ribbit.
Prince Ribbit is heavily wounded.
Prince Ribbit hits you! Prince Ribbit hits you.
You are too injured to fight recklessly!
You are too injured to fight recklessly!
You are too injured to fight recklessly!
You are too injured to fight recklessly!
You are too injured to fight recklessly!
Your skin crawls.
You feel strong-willed. Prince Ribbit hits you. Prince Ribbit hits you!
* * * LOW HITPOINT WARNING * * *
Prince Ribbit attacks as you move away! Prince Ribbit hits you!
* * * LOW HITPOINT WARNING * * *
Prince Ribbit blinks!
Prince Ribbit hits you!
* * * LOW HITPOINT WARNING * * *
You scratch Prince Ribbit.
Prince Ribbit is heavily wounded.
Prince Ribbit closely misses you.
You completely miss Prince Ribbit.
Prince Ribbit is heavily wounded.
Prince Ribbit closely misses you. Prince Ribbit hits you!
You die...

#.###.#.####.#
#..........#.#
#..###...#.#.#
#..........#.#
#.###.#.####.###
#.#.........
.###...####.### ##
#...........F###...#
######..####@....#
#..# ##.###...# #..#
#...# ## #..#
#.#......#
...............#
.#.#########.#.#.
.## ..... #.# ..#


You could see Prince Ribbit.

Vanquished Creatures
  A phantom (D:5)
  A gnoll sergeant (D:5)
  2 scorpions (D:4)
  A hound (D:5)
  2 orc priests (D:4)
  Jessica (D:2)
  An iguana (D:4)
  5 orc wizards
  4 gnolls
  7 adders
  A shadow imp (D:4)
  An ufetubus (D:5)
  A worm (D:4)
  5 dart slugs
  13 orcs
  A bat (D:2)
  8 endoplasms
  3 giant cockroaches
  5 goblins
  8 hobgoblins
  6 quokkas
  8 ball pythons
  A frilled lizard (D:2)
  4 kobolds
  4 rats
94 creatures vanquished.

Vanquished Creatures (others)
  An orc wizard (D:4)
  2 fungi (D:5)
  2 plants (D:5)
5 creatures vanquished.

Grand Total: 99 creatures vanquished

Notes
Turn   | Place    | Note
-------+----------+-------------------------------------------
     0 | D:1      | kevlar127 the Troll Berserker began the quest for the Orb.
     0 | D:1      | Reached XP level 1. HP: 22/22 MP: 0/0
   119 | D:1      | Reached XP level 2. HP: 27/29 MP: 1/1
   436 | D:1      | Reached XP level 3. HP: 26/36 MP: 2/2
  1056 | D:2      | Reached ** piety under Trog
  1057 | D:2      | Noticed Jessica
  1064 | D:2      | Killed Jessica
  1065 | D:2      | Reached XP level 4. HP: 40/45 MP: 3/3
  1187 | D:2      | Reached skill level 4 in Unarmed Combat
  2069 | D:3      | Found a faded altar of an unknown god.
  2174 | D:3      | Reached XP level 5. HP: 53/53 MP: 4/4
  2390 | D:3      | Reached skill level 5 in Unarmed Combat
  2857 | D:4      | Reached XP level 6. HP: 62/62 MP: 5/5
  2948 | D:4      | Reached *** piety under Trog
  3587 | D:4      | Reached XP level 7. HP: 71/71 MP: 6/6
  3608 | D:4      | Found Ogeur's Distillery.
  3678 | D:4      | Bought a potion of might for 40 gold pieces
  3678 | D:4      | Bought a potion of heal wounds for 50 gold pieces
  3678 | D:4      | Bought a potion of flight for 30 gold pieces
  3678 | D:4      | Bought a potion of lignification for 30 gold pieces
  3678 | D:4      | Bought 2 potions of degeneration for 20 gold pieces
  3823 | D:5      | Entered Level 5 of the Dungeon
  3830 | D:5      | Found a runed translucent gate.
  3830 | D:5      | Found a runed translucent gate.
  3840 | D:5      | Found a runed translucent gate.
  3841 | D:5      | Noticed Bediveer's ghost (novice OpCj)
  3897 | D:5      | Reached skill level 5 in Fighting
  3897 | D:5      | Reached skill level 6 in Unarmed Combat
  4099 | D:5      | Found Tecsial's Armour Shop.
  4135 | D:5      | Noticed Prince Ribbit
  4148 | D:5      | HP: 2/72 [Prince Ribbit (15)]
  4150 | D:5      | Mangled by Prince Ribbit

Illustrated notes

Levels and vault maps discovered:
D:1:      psy_arrival_dodecagon, layout_basic, serial_curves, eino_curves_01,
          eino_curves_04, minivault_14, minmay_tromino_i4
D:2:      layout_loops_ring, minmay_surrounded, uniq_jessica
D:3:      layout_basic, dilly_ecumenical_altar_fadedgnrine
D:4:      layout_rooms, serial_shops, nicolae_shop_statue_plus,
          kennysheep_path_1, feat_on_display
D:5:      layout_loops_ring, gammafunk_ghost_nasty_kobolds, serial_shops,
          kennysheep_little_box, kennysheep_mini, shop, shop,
          gup_sewer_entry_glass, st_stairs_5, amcnicky_mini_pool_small,
          uniq_prince_ribbit1

Skill      XL: |  1  2  3  4  5  6  7 |
---------------+----------------------+-----
Fighting       | 3 4 5 |  5.2
Dodging        | 3 |  3.0
Unarmed Combat | 4 5 6 |  6.3
Throwing       | |  0.7

Action                   |  1- 3 |  4- 6 |  7- 9 || total
-------------------------+-------+-------+-------++-------
Melee: Unarmed           |    80 |   133 |    37 ||   250
       Punch             |     2 |     2 |     1 ||     5
Throw: Dart              |       |     2 |       ||     2
Invok: Berserk           |     1 |       |     1 ||     2
       Trog's Hand       |       |       |     2 ||     2
 Stab: Sleeping          |       |     2 |       ||     2
       Confused          |       |     1 |       ||     1
Armor: Animal skin       |    20 |    50 |     9 ||    79
Dodge: Dodged            |    37 |    63 |    17 ||   117

Table legend: (Time is in decaauts)
 A = Elapsed time spent in this place.
 B = Non-inter-level travel time spent in this place.
 C = Inter-level travel time spent in this place.
 D = Time resting spent in this place.
 E = Time spent auto-exploring this place.
 F = Levels seen in this place.
 G = Mean time per level.
                   A        B        C        D        E       F      G
               +--------+--------+--------+--------+--------+-----+--------+
         Total |   4153 |   3900 |    253 |   1062 |   2229 |   5 |  830.6 |
       Dungeon |   4153 |   3900 |    253 |   1062 |   2229 |   5 |  830.6 |
               +--------+--------+--------+--------+--------+-----+--------+

Top non-repeatable levels by time:
     D:3: 1530 daAuts
     D:1: 1032 daAuts
     D:2: 674 daAuts
     D:4: 583 daAuts
     D:5: 333 daAuts
